 Dungeon Crawl Stone Soup version 0.20-a0-893-g832831a (webtiles) character file.

1360 Rrauwl the Digger (level 8, -2/48 HPs)
             Began as a Gargoyle Earth Elementalist on Mar 18, 2017.
             Killed from afar by an orc wizard (8 damage)
             ... with a magic dart
             ... on level 6 of the Dungeon.
             The game lasted 00:31:15 (6743 turns).

Rrauwl the Digger (Gargoyle Earth Elementalist)     Turns: 6743, Time: 00:31:16

Health: -2/48      AC:  5    Str: 14    XL:     8   Next: 64%
Magic:  10/12      EV: 12    Int: 16    God:
Gold:   268        SH:  0    Dex: 10    Spells: 9/13 levels left

rFire    . . .     SeeInvis .   f - +0 mace
rCold    . . .     Gourm    .   c - +0 robe
rNeg     + . .     Faith    .   (no shield)
rPois    ∞         Spirit   .   a - +0 hat
rElec    +         Reflect  .   h - +0 cloak
rCorr    .         Harm     .   (no gloves)
MR       .....                  n - +0 pair of boots
Stlth    ++........             (no amulet)
Regen    0.2/turn               (no ring)
MPRegen  0.2/turn               (no ring)

@: exhausted, corroded, slowed, very slow
A: negative energy resistance 1, electricity resistance, unbreathing,
petrification resistance, rot immunity, AC +5
a: no special abilities


You were on level 6 of the Dungeon.
You were not hungry.

You visited 1 branch of the dungeon, and saw 6 of its levels.

You collected 268 gold pieces.

Inventory:

Hand Weapons
 f - a +0 mace (weapon)
Missiles
 b - 17 stones (quivered)
 i - 5 javelins of penetration
Armour
 a - a +0 hat (worn)
 c - a +0 robe (worn)
 h - a +0 cloak (worn)
 n - a +0 pair of boots (worn)
Jewellery
 m - an uncursed amulet of faith
Wands
 r - a wand of flame (14/48)
Scrolls
 j - 7 scrolls of identify
 k - 4 scrolls of teleportation
 p - 6 scrolls of remove curse
 u - a scroll of recharging {unknown}
Potions
 g - a potion of flight
 v - a potion of might
Books
 e - a book of Geomancy

   Spells                             Type                      Level
   a - Sandblast                      Earth                        1
   b - Passwall                       Transmutation/Earth          2
   c - Stone Arrow                    Conjuration/Earth            3
   d - Petrify                        Transmutation/Earth          4
   e - Lee's Rapid Deconstruction     Earth                        5
Comestibles
 d - 4 bread rations
 q - 2 chunks of flesh
 t - a royal jelly


   Skills:
 + Level 4.8 Fighting
 + Level 4.4 Maces & Flails
 - Level 3.0 Armour
 - Level 2.1 Dodging
 - Level 3.0 Stealth
 - Level 0.2 Unarmed Combat
 + Level 3.2 Spellcasting
 - Level 4.0 Conjurations
   Level 0.7 Transmutations
 - Level 6.0 Earth Magic
 - Level 2.0 Evocations


You had 9 spell levels left.
You knew the following spells:

 Your Spells              Type           Power        Failure   Level  Hunger
a - Sandblast             Erth           ###...       1%          1    None
b - Stone Arrow           Conj/Erth      ###...       10%         3    ###....


Dungeon Overview and Level Annotations

Branches:
Dungeon (6/15)
 Temple: D:4-7

Altars:
Nemelex Xobeh


Innate Abilities, Weirdness & Mutations

You are resistant to torment.
Your stone body is resilient. (AC +5)
You are immune to poison.
You resist negative energy. (rN+)
You are resistant to electric shocks. (rElec)
You can survive without breathing.
You are immune to petrification.
You are immune to rotting.


Message History

Casting: Sandblast
Confirm with . or Enter, or press ? or * to list all spells.
Aiming: Sandblast
Press: ? - help, Shift-Dir - straight line, f - gnoll
Aim: a gnoll, wielding a spear (severely wounded)
The blast of sand hits the gnoll.
You kill the gnoll!
b - 18 stones The orc wizard gestures at you while chanting.
The magic dart hits you!
Casting: Sandblast
Confirm with . or Enter, or press ? or * to list all spells.
Aiming: Sandblast
Press: ? - help, Shift-Dir - straight line, f - orc wizard
Aim: an orc wizard, wielding a dagger of holy wrath and wearing a robe The blast of sand hits the orc wizard.
b - 17 stones The orc wizard points at you and mumbles some strange words.
The magic dart hits you!
You die...

.. #.# ##..# ..o.
##### ##.o. #...##
#..# #....###.#
#)o...>.##########
#@###...l#......s?
#!# #....J..sJs###
#.# #.###..##..J.[
#+# #.# #..##..(.§
### ...##.....
..#.##...g.
###.##.....
#........ ##....<.


You could see an orc wizard.

Vanquished Creatures
  Grinder (D:5)
  A sky beast (D:5)
  An ogre (D:5)
  A centaur (D:5)
  A bullfrog (D:5)
  4 scorpions
  A crimson imp (D:5)
  A bullfrog skeleton (D:4)
  2 hounds
  A jelly (D:6)
  3 orc wizards (D:4)
  2 iguanas
  3 worker ants
  A hound skeleton (D:4)
  A howler monkey skeleton (D:5)
  4 adders
  14 gnolls
  An ooze (D:2)
  3 worms
  A leopard gecko (D:1)
  6 orcs
  6 bats
  6 giant cockroaches
  6 goblins
  12 hobgoblins
  9 jackals
  2 quokkas
  2 frilled lizards
  6 kobolds
  4 rats (D:1)
106 creatures vanquished.

Notes
Turn   | Place    | Note
-------+----------+-------------------------------------------
     0 | D:1      | Rrauwl the Gargoyle Earth Elementalist began the quest for the Orb.
     0 | D:1      | Reached XP level 1. HP: 10/10 MP: 3/3
   289 | D:1      | Reached skill level 4 in Earth Magic
   289 | D:1      | Reached XP level 2. HP: 15/15 MP: 1/5
   391 | D:1      | Reached XP level 3. HP: 12/19 MP: 4/6
  1478 | D:2      | Reached skill level 1 in Maces & Flails
  1677 | D:2      | Found a sparkling altar of Nemelex Xobeh.
  1717 | D:2      | Reached XP level 4. HP: 22/24 MP: 5/7
  1935 | D:2      | Learned a level 3 spell: Stone Arrow
  2115 | D:3      | Reached skill level 1 in Fighting
  2339 | D:3      | HP: 1/25 [gnoll (5)]
  2679 | D:3      | Reached XP level 5. HP: 20/29 MP: 6/8
  3027 | D:3      | Reached skill level 1 in Conjurations
  4044 | D:4      | Reached skill level 1 in Armour
  4044 | D:4      | Reached XP level 6. HP: 32/35 MP: 5/9
  4073 | D:4      | Reached skill level 1 in Evocations
  4319 | D:4      | Reached skill level 5 in Earth Magic
  4515 | D:5      | Entered Level 5 of the Dungeon
  4809 | D:5      | Reached XP level 7. HP: 40/40 MP: 0/10
  4984 | D:5      | Noticed Grinder
  4991 | D:5      | Paralysed by Grinder for 5 turns
  4998 | D:5      | Killed Grinder
  5491 | D:5      | Reached XP level 8. HP: 47/47 MP: 4/11
  6146 | D:5      | Reached skill level 6 in Earth Magic
  6743 | D:6      | Killed from afar by an orc wizard

Vault maps used:
D:1:      nagdon_arrival_zigzag_paths, minmay_tromino_v4_c
D:2:      nemelex_dance_club_becter
D:4:      first_bread, serial_co_window_serial, co_window_paths_b,
          co_window_paths_a, co_window_corner_a, co_window_corner_a,
          co_window_paths_a, co_window_corner_b, co_window_of_opportunity_c,
          co_window_corner_b, co_window_unsneaky_path_a, glass_columns_a,
          glass_columns_a
D:5:      uniq_grinder
D:6:      minmay_temple_entry_glassed_door, minmay_fire_ice_demons

Skill      XL: |  1  2  3  4  5  6  7  8 |
---------------+-------------------------+-----
Earth Magic    | 4 5 6 |  6.0
Dodging        | 2 |  2.1
Maces & Flails | 1 2 3 4 |  4.4
Stealth        | 3 |  3.0
Fighting       | 1 2 3 4 |  4.8
Conjurations   | 2 3 4 |  4.0
Armour         | 1 2 3 |  3.0
Evocations     | 1 2 |  2.0
Spellcasting   | 3 |  3.2
Unarmed Combat | |  0.2
Transmutations | |  0.7

Action                   |  1- 3 |  4- 6 |  7- 9 || total
-------------------------+-------+-------+-------++-------
Melee: Unarmed           |    40 |       |       ||    40
       Whip              |    61 |       |       ||    61
       Mace              |    16 |   185 |    92 ||   293
 Cast: Sandblast         |    25 |    52 |    53 ||   130
       Stone Arrow       |       |     3 |     8 ||    11
  Use: Scroll            |     3 |     2 |     1 ||     6
       Potion            |     5 |     2 |     5 ||    12
 Stab: Sleeping          |     2 |     4 |     1 ||     7
  Eat: Chunk             |     2 |     6 |     4 ||    12
       Fruit             |     1 |     2 |     1 ||     4
       Meat ration       |       |     1 |       ||     1
       Royal jelly       |       |       |     1 ||     1
Armor: Robe              |    65 |   103 |    39 ||   207
Dodge: Dodged            |   105 |   148 |   101 ||   354
